 Dungeon Crawl Stone Soup version 0.14-a0-2124-ga163777 (webtiles) character file.

960 M4edhros the Prestidigitator (level 8, -25/37 HPs)
             Began as a Vine Stalker Artificer on Jan 27, 2014.
             Annihilated by a hill giant
             ... wielding a +0,+0 giant club
              (30 damage)
             ... on Level 5 of the Dungeon.
             The game lasted 00:07:11 (2442 turns).

M4edhros the Prestidigitator (VSAr)                 Turns: 2442, Time: 00:07:11

HP -25/37        AC  8     Str 13      XL: 8   Next:  3%
MP   0/21        EV 11     Int 14      God:
Gold 96          SH  0     Dex 16      Spells:  0 memorised,  7 levels left

rFire  + . .     SeeInvis .     g - +0,+2 orc dagger (protect)
rCold  . . .     Clarity  .     e - +0 leather armour
rNeg   . . .     Conserve .     (no shield)
rPois  .         rCorr    .     (no helmet)
rElec  .         rRot     +     (no cloak)
SustAb . .       Spirit   +     (no gloves)
rMut   .         Warding  .     (no boots)
Saprov . . .     Stasis   .     (no amulet)
MR     +....                    (no ring)
                                v - ring of protection from fire

@: somewhat resistant to hostile enchantments, unstealthy
A: fangs 3, regeneration 2, magic shield, antimagic bite, no device heal
a: no special abilities


You were on level 5 of the Dungeon.
You were near starving.

You visited 1 branch of the dungeon, and saw 5 of its levels.

You collected 96 gold pieces.

Inventory:

Hand weapons
 a - a cursed +0,+0 short sword
 g - a +0,+2 orcish dagger of protection (weapon)
 k - a +0,+0 sling
Missiles
 l - 4 stones (quivered)
 p - 43 sling bullets
Armour
 e - a +0 leather armour (worn)
Magical devices
 b - a wand of flame (0)
 c - a wand of enslavement (9)
 d - a wand of random effects (4)
Comestibles
 f - 2 bread rations
 i - a meat ration
 q - 2 chokos
Scrolls
 j - a scroll of identify
 n - a scroll of teleportation
 o - 3 scrolls of enchant weapon II
 r - a scroll of curse jewellery {unknown}
 s - 2 scrolls of blinking
 u - a scroll of recharging
Jewellery
 v - a ring of protection from fire (left hand)
Potions
 h - 3 potions of heal wounds
 m - 2 potions of curing
 t - a potion of agility {unknown}
Books
 w - a book of Control

   Spells                             Type                      Level
   Control Teleport                   Charms/Translocation         4
   Control Undead                     Necromancy                   4
   Enslavement                        Hexes                        4
   Mass Confusion                     Hexes                        6
   Metabolic Englaciation             Hexes/Ice                    6


   Skills:
 - Level 0.8 Fighting
 - Level 0.8 Short Blades
 - Level 1.5 Dodging
 - Level 1.2 Stealth
 + Level 9.2 Evocations


You had 7 spell levels left.
You didn't know any spells.

Dungeon Overview and Level Annotations

Branches:
Dungeon (5/16)
 Temple: D:4-7

Altars:


Innate Abilities, Weirdness & Mutations

You have razor-sharp teeth.
You heal very quickly.
When hurt, damage is shared between your health and your magic reserves.
Your bite disrupts and absorbs the magic of your enemies.
Potions and wands cannot restore your HP.


Message History

The iguana bites you!
You hit the iguana. You bite the iguana. You drain its power.
You feel invigorated.
You kill the iguana!
The centaur shoots an arrow.
The arrow hits you!
Evoke which item? (* to show all) (? for menu, Esc to quit)
Zapping:
c - a wand of enslavement (11)
Press: ? - help, Shift-Dir - straight line, f - hill giant
Aim: a hill giant, wielding a giant club (moderately wounded)
The hill giant resists.
This wand has 10 charges left.
The hill giant hits you with a giant club!
* * * LOW HITPOINT WARNING * * *
Evoke which item? (* to show all) (? for menu, Esc to quit)
Zapping:
c - a wand of enslavement (10)
Press: ? - help, Shift-Dir - straight line, f/p - hill giant
Aim: a hill giant, wielding a giant club (moderately wounded)
The hill giant resists.
This wand has 9 charges left.
The hill giant hits you with a giant club!
Ouch! That really hurt!
You die...

#..........#...........#
#....#######...........#
###..J +.....#+#####
.###..#######...#.#.######
.....?.........#.........
...............##.###### #
..#.....#......#.#
#.###.#.###(#.###..#.#
#.....#.cC@(#......#.#
#....z#........##)# #.###
#%###.#.###...###.###
#..%..#.z...#.............#
#..C..#........###.....#
#$###.#.###...## #..)..# #
..#......## #.....#
#........##.........#
#.###...# #....##.###


You could see a hill giant, a centaur and an orc zombie.

Vanquished Creatures
  Grinder (D:4)
  A sky beast (D:5)
  A centaur (D:4)
  2 jellies (D:5)
  An orc priest (D:4)
  2 orc wizards
  A scorpion (D:5)
  A hound (D:4)
  2 iguanas
  4 worker ants
  A mummy (D:5)
  3 gnolls (D:4)
  4 adders
  3 worms
  An orc skeleton (D:5)
  An adder skeleton (D:4)
  A giant gecko (D:1)
  An ooze (D:1)
  13 orcs
  8 goblins
  2 hobgoblins (D:1)
  13 bats
  4 giant newts
  A jackal (D:5)
  6 kobolds
  A kobold zombie (D:5)
  A quokka skeleton (D:4)
  A quokka zombie (D:5)
  9 rats
90 creatures vanquished.

Notes
Turn   | Place    | Note
--------------------------------------------------------------
     0 | D:1      | M4edhros, the Vine Stalker Artificer, began the quest for the Orb.
     0 | D:1      | Reached XP level 1. HP: 9/9 MP: 1/1
    75 | D:1      | Reached skill level 3 in Evocations
   106 | D:1      | Reached XP level 2. HP: 14/14 MP: 4/4
   718 | D:2      | Reached skill level 4 in Evocations
   718 | D:2      | Reached XP level 3. HP: 9/17 MP: 6/6
  1179 | D:3      | Reached XP level 4. HP: 14/21 MP: 8/8
  1188 | D:3      | Reached skill level 5 in Evocations
  1387 | D:4      | Reached XP level 5. HP: 25/25 MP: 11/11
  1769 | D:4      | Reached skill level 6 in Evocations
  1785 | D:4      | Gained mutation: You heal very quickly. [vine stalker growth]
  1785 | D:4      | Reached XP level 6. HP: 10/29 MP: 10/14
  2006 | D:4      | Reached skill level 7 in Evocations
  2032 | D:4      | Noticed Grinder
  2037 | D:4      | Killed Grinder
  2037 | D:4      | Reached skill level 8 in Evocations
  2037 | D:4      | Reached XP level 7. HP: 32/32 MP: 14/18
  2038 | D:4      | Noticed a centaur
  2046 | D:4      | Killed a centaur
  2186 | D:5      | Entered Level 5 of the Dungeon
  2412 | D:5      | Noticed a hill giant
  2418 | D:5      | Reached skill level 9 in Evocations
  2418 | D:5      | Gained mutation: You have razor-sharp teeth. [vine stalker growth]
  2418 | D:5      | Reached XP level 8. HP: 18/37 MP: 8/21
  2442 | D:5      | Annihilated by a hill giant

Action                   |  1- 3 |  4- 6 |  7- 9 || total
-------------------------+-------+-------+-------++-------
Melee: Short sword       |    20 |       |       ||    20
       Dagger            |   100 |   130 |    82 ||   312
 Fire: Sling             |       |     4 |       ||     4
Evoke: Wand              |     4 |    15 |    13 ||    32
  Use: Potion            |     3 |     3 |       ||     6
       Scroll            |       |     4 |     1 ||     5
 Stab: Sleeping          |     1 |       |       ||     1
